AoeStats
← zar

Arena

510065698Analyzed
4v4 RM · 3d ago on Sep 29, 2026· 80m 59s· 8 players
Game mode
Random Map
Map size
Large (8 player)
Population
200
Speed
Normal
Resources
Standard
Victory
Conquest
Starting age
Dark Age
Ending age
Imperial Age
RankedLock teamsTeams togetherTeam positionsShared explorationLock speedFull tech treeHidden civsTurbo modeCheats
Victory
Defeat
🇬🇧 Poles · United Kingdom
945
+10
🇯🇴 Britons · Jordan
909
+33
🇬🇧 Burgundians · United Kingdom
899
+12
🇬🇧 Varangians · United Kingdom
833
+15
🇨🇳 Spanish · China
847
-14
🇬🇧 Franks · United Kingdom
820
-12
🇹🇭 Persians · Thailand
797
-12
🇨🇳 Turks · China
757
-10
ii BLACK xEAGLE
13:40 Feudal Age
14:19 Double-Bit Axe
18:23 Castle Age
18:37 Scale Barding Armor
18:43 Forging
20:19 Wheelbarrow
20:21 Bow Saw
22:19 Stone Mining
25:16 Fortified Wall
26:25 Hand Cart
31:30 Imperial Age
31:11 Loom
32:06 Iron Casting
31:52 Chain Barding Armor
33:22 Chemistry
34:23 Cavalier
36:03 Paladin
36:46 Husbandry
38:17 Chivalry
38:40 Conscription
40:09 Blast Furnace
39:46 Plate Barding Armor
41:55 Siege Engineers
41:50 Gold Mining
45:02 Ballistics
44:25 Treadmill Crane
49:37 Caravan
51:29 Elite Throwing Axeman
53:33 Capped Ram
55:48 Light Cavalry
57:09 Hoardings
56:49 Masonry
56:43 Scale Mail Armor
56:44 Padded Archer Armor
56:34 Fletching
62:26 Bodkin Arrow
62:47 Leather Archer Armor
64:25 Chain Mail Armor
68:57 Squires
69:42 Architecture
69:46 Plate Mail Armor
68:43 Man-at-Arms
68:47 Pikeman
69:14 Gambesons
69:15 Arson
75:21 Elite Skirmisher
75:26 Long Swordsman
Misaka Mikoto
9:30 Feudal Age
9:55 Double-Bit Axe
9:51 Horse Collar
10:43 Loom
13:40 Loom
17:18 Castle Age
15:58 Padded Archer Armor
16:55 Gold Mining
19:44 Fletching
21:46 Bow Saw
22:13 Fervor
23:42 Gold Shaft Mining
25:33 Wheelbarrow
25:30 Scale Barding Armor
27:06 Fortified Wall
27:19 Town Watch
32:15 Imperial Age
31:06 Leather Archer Armor
31:02 Forging
32:29 Husbandry
33:54 Heavy Camel Rider
35:46 Iron Casting
35:33 Chain Barding Armor
35:50 Iron Casting
36:10 Conscription
35:57 Stone Mining
36:25 Bloodlines
41:45 Plate Barding Armor
42:11 Blast Furnace
41:42 Caravan
42:41 Hand Cart
42:31 Elite Janissary
44:27 Artillery
48:18 Ring Archer Armor
Shirai Kuroko
10:42 Feudal Age
12:55 Double-Bit Axe
13:31 Horse Collar
15:43 Loom
16:42 Fletching
16:55 Padded Archer Armor
17:03 Scale Barding Armor
21:15 Castle Age
20:41 Forging
20:23 Fletching
22:33 Bow Saw
22:25 Heavy Plow
22:18 Gold Mining
22:37 Padded Archer Armor
23:44 Kamandaran
25:04 Crossbowman
26:04 Town Watch
27:28 Thumb Ring
30:55 Wheelbarrow
30:55 Scale Barding Armor
31:35 Ballistics
34:20 Iron Casting
33:42 Bodkin Arrow
34:11 Chain Barding Armor
34:07 Leather Archer Armor
38:08 Imperial Age
39:18 Conscription
38:43 Elite War Elephant
39:27 Pikeman
40:07 Squires
39:56 Gambesons
39:36 Elite Skirmisher
40:20 Scale Mail Armor
40:40 Bloodlines
42:04 Hand Cart
44:23 Two-Man Saw
43:32 Heavy Camel Rider
44:54 Hoardings
49:32 Husbandry
49:36 Cavalier
49:38 Light Cavalry
52:26 Savar
52:27 Hussar
54:34 Citadels
54:40 Masonry
54:26 Murder Holes
54:23 Guard Tower
70:57 Chemistry
70:29 Architecture
zar
11:25 Feudal Age
17:24 Castle Age
16:09 Horse Collar
18:06 Heavy Plow
19:21 Double-Bit Axe
21:08 Bow Saw
26:59 Scale Barding Armor
27:05 Forging
29:12 Gold Mining
29:15 Stone Mining
31:51 Caravan
33:31 Stone Shaft Mining
34:56 Chain Barding Armor
35:12 Iron Casting
34:40 Padded Archer Armor
34:31 Fletching
34:43 Scale Mail Armor
39:28 Imperial Age
38:32 Husbandry
38:43 Bloodlines
40:22 Cavalier
40:52 Elite Conquistador
41:38 Inquisition
41:59 Conscription
48:13 Light Cavalry
49:24 Hussar
49:34 Hussar
79:53 Paladin
Dave C.T
6:07 Double-Bit Axe
12:07 Feudal Age
11:58 Horse Collar
13:16 Horse Collar
16:34 Castle Age
14:20 Horse Collar
15:53 Bow Saw
15:47 Heavy Plow
19:27 Light Cavalry
20:25 Gold Mining
20:25 Stone Mining
22:27 Wheelbarrow
22:41 Cavalier
24:39 Hand Cart
24:11 Loom
27:42 Husbandry
32:49 Caravan
33:40 Burgundian Vineyards
34:22 Crop Rotation
35:00 Two-Man Saw
37:42 Imperial Age
38:24 Paladin
43:22 Forging
43:17 Scale Barding Armor
49:10 Hussar
50:16 Pikeman
54:53 Fortified Wall
54:39 Murder Holes
57:20 Chemistry
56:41 Ballistics
60:52 Fletching
61:02 Padded Archer Armor
63:01 Conscription
70:58 Bodkin Arrow
71:19 Leather Archer Armor
78:59 Coinage
80:24 Elite Coustillier
Viking
11:41 Feudal Age
12:55 Double-Bit Axe
12:53 Horse Collar
18:18 Castle Age
18:52 Scale Mail Armor
21:29 Bow Saw
21:15 Stone Mining
22:10 Forging
22:01 Gambesons
22:08 Town Watch
24:16 Wheelbarrow
24:22 Squires
24:55 Heavy Plow
24:52 Gold Mining
26:47 Hand Cart
26:20 Pikeman
30:20 Fletching
30:31 Padded Archer Armor
31:32 Elite Skirmisher
37:21 Imperial Age
36:21 Bodkin Arrow
36:42 Leather Archer Armor
38:18 Capped Ram
39:47 Ring Archer Armor
39:18 Bracer
41:24 Ballistics
44:49 Halberdier
50:29 Iron Casting
50:09 Chain Mail Armor
49:49 Heated Shot
50:11 Fortified Wall
49:56 Murder Holes
54:56 Masonry
54:52 Siege Engineers
55:54 Chemistry
55:59 Blast Furnace
55:31 Plate Mail Armor
60:36 Gothikon
60:37 Vendel Legacy
62:42 Siege Ram
63:56 Architecture
69:04 Treadmill Crane
69:34 Scale Barding Armor
76:21 Elite Varangian Guard
76:48 Arson
78:12 Town Patrol
ZachPar
10:55 Feudal Age
14:53 Castle Age
12:41 Double-Bit Axe
13:32 Horse Collar
16:42 Forging
17:56 Wheelbarrow
17:07 Town Watch
20:58 Scale Barding Armor
21:18 Heavy Plow
21:38 Bloodlines
26:49 Iron Casting
27:01 Hand Cart
26:32 Loom
28:39 Husbandry
32:13 Imperial Age
29:43 Gold Mining
30:37 Szlachta Privileges
31:23 Elite Skirmisher
32:06 Light Cavalry
33:09 Chain Barding Armor
35:55 Blast Furnace
34:17 Cavalier
34:18 Winged Hussar
35:16 Fletching
35:26 Padded Archer Armor
35:48 Town Patrol
37:32 Bodkin Arrow
38:41 Chemistry
40:47 Fortified Wall
42:35 Lechitic Legacy
42:36 Conscription
44:35 Bracer
43:58 Pikeman
44:38 Squires
53:16 Leather Archer Armor
SaikoPathic
11:50 Feudal Age
10:05 Loom
18:01 Castle Age
16:31 Horse Collar
16:38 Double-Bit Axe
22:43 Bow Saw
26:53 Fletching
31:22 Heavy Plow
34:36 Bodkin Arrow
34:42 Padded Archer Armor
38:43 Imperial Age
37:13 Ballistics
38:46 Leather Archer Armor
40:41 Gold Mining
40:41 Stone Mining
41:57 Conscription
41:11 Crossbowman
43:07 Chemistry
42:11 Bracer
42:41 Ring Archer Armor
41:49 Arbalester
49:02 Yeomen
50:54 Elite Longbowman
59:07 Ring Archer Armor
58:43 Scale Barding Armor
Connection lost

Rejoining the realm…

Still unreachable

The connection could not be restored.

Session expired

The server has moved on; the page needs a fresh start.